Map: Lock & Load

Players

NamroodTuo

  • Race: Zerg Zerg

DUBINAUEBU

  • Race: Zerg Zerg
  • Spawn Location: 7:00

VOD

Have the link to the VOD?

Description

Time

  • Played on: Jan. 17, 2023, 9:08 a.m.
  • Length: 31:33
Show
View Real Time Build Order
Export as new Build Order

NamroodTuo Zerg 

Build Orders:  

Get SALT Encoding   

  12  0:04  Infested SCV  
  13  0:17  Infested SCV  
  14  0:24  Infested SCV  
  15  0:35  Infested Refinery  
  15  0:42  Overlord  
  15  0:59  Infested Refinery  
  15  1:24  Infested SCV x3  
  15  1:25  Infested SCV  
  19  1:49  Infested Factory  
  19  1:51  Infested SCV  
  19  1:57  Infested SCV  
  21  2:09  Overlord  
  21  2:48  Infested SCV  
  21  2:49  Infested SCV  
  23  2:59  Infested SCV  
  24  3:08  Infested Factory Tech Lab  
  24  3:14  Infested SCV  
  25  3:35  Infested SCV  
  25  3:38  Infested Siege Tank  
  29  3:47  Overlord  
  29  4:14  Infested Siege Tank  
  29  4:18  Infested Siege Tank  
  35  4:22  Infested Siege Tank  
  35  4:27  Overlord  
  35  4:29  Overlord  
  38  4:39  Infested Armory  
  38  5:56  Overlord  
  38  5:57  Overlord x3  
  38  5:58  Infested SCV  
  39  6:01  Infested Siege Tank x2  
  39  6:02  Infested Siege Tank x2  
  51  6:21  Infested Barracks, Infested SCV  
  52  6:32  Infested SCV  
  53  7:11  Automated Mitosis  
  53  7:21  Infested Engineering Bay  
  53  7:22  Infested SCV  
  53  7:23  Infested SCV x2  
  53  7:29  Infested Barracks Tech Lab  
  56  7:44  Infested Factory  
  56  8:04  Infested Bunker  
  60  8:51  Infested Command Center  
  60  9:12  Infested Factory Tech Lab  
  60  9:22  Infested Bunker  
  60  9:27  Infested Missile Turret  
  58  10:13  Overseer  
  58  10:14  Overseer x3  
  58  10:15  Overseer x2  
  58  10:18  Stukov Infantry Armor Level 1  
  58  10:21  Stukov Vehicle and Ship Armor Level 1  
  58  10:34  Infested Missile Turret  
  59  10:43  Infested SCV x2  
  52  11:43  Infested Siege Tank x2  
  52  11:44  Infested Siege Tank x2  
  57  12:58  Stukov Infantry Weapons Level 1  
  57  13:01  Stukov Vehicle and Ship Weapons Level 1  
  54  13:17  Infested Barracks  
  52  13:24  Infested Barracks  
  52  13:25  Overlord  
  52  13:26  Overlord x2  
  55  13:50  Infested Bunker  
  55  13:52  Retinal Augmentation  
  55  14:18  Infested Marine x3  
  55  14:19  Infested Marine x8  
  66  14:58  Infested Marine x6  
  66  14:59  Infested Marine x18  
  79  15:38  Stukov Infantry Armor Level 2  
  79  16:05  Infested Marine  
  79  16:06  Infested Marine x14  
  79  16:07  Infested Marine x4  
  98  16:18  Infested Bunker  
  95  16:21  Infested Bunker  
  74  16:50  Infested Marine  
  74  16:51  Infested Marine x14  
  74  16:52  Infested Marine x12  
  74  16:56  Overlord  
  74  16:57  Overlord x4  
  80  17:20  Stukov Vehicle and Ship Armor Level 2  
  73  17:46  Infested Marine  
  73  17:47  Infested Marine x10  
  73  17:48  Infested Marine x13  
  95  18:11  Infested Missile Turret  
  95  18:15  Infested Missile Turret  
  95  18:26  Unknown  
  99  18:37  Infested Bunker  
  69  18:42  Infested Bunker  
  69  18:44  Infested SCV x4  
  69  18:48  Stukov Infantry Weapons Level 2  
  75  19:09  Infested Bunker  
  59  19:47  Infested SCV  
  59  19:49  Infested SCV x4  
  64  19:56  Overlord x2  
  64  19:57  Overlord x3  
  64  20:20  Infested Marine x5  
  64  20:21  Infested Marine x22  
  64  20:22  Infested Marine x3  
  94  20:30  Stukov Vehicle and Ship Weapons Level 2  
  102  20:52  Infested SCV x3  
  102  20:53  Infested SCV  
  98  21:08  Infested Bunker  
  98  21:12  Infested SCV  
  98  21:15  Infested SCV x4  
  103  21:27  Infested SCV  
  104  21:35  Infested Bunker  
  104  21:39  Infested Missile Turret  
  108  21:45  Infested SCV  
  108  21:48  Infested SCV x3  
  112  21:56  Overseer x4  
  112  21:57  Overseer  
  112  22:06  Infested Missile Turret  
  93  22:40  Infested Bunker  
  93  22:44  Infested Marine, Infested Bunker  
  93  22:45  Infested Marine x19  
  93  22:46  Infested Marine x5, Infested Missile Turret  
  118  23:14  Infested Missile Turret  
  122  23:56  Infested Bunker  
  126  24:27  Infested Bunker  
  101  25:06  Infested Marine x7  
  101  25:07  Infested Marine x21  
  101  25:08  Infested Marine x2  
  131  25:12  Infested Missile Turret  
  131  25:14  Infested Marine x3  
  134  25:22  Stukov Infantry Weapons Level 3  
  134  25:25  Stukov Vehicle and Ship Weapons Level 3  
  138  25:43  Infested Missile Turret  
  138  25:49  Infested Bunker  
  142  25:50  Infested Bunker  
  139  26:05  Infested Bunker  
  132  26:33  Infested Marine x5  
  132  26:34  Infested Marine x19  
  132  26:38  Infested Missile Turret  
  147  26:45  Infested Marine  
  147  26:46  Infested Marine x11  
  144  27:09  Overlord x7  
  144  27:10  Overlord x3  
  124  28:17  Infested Marine  
  124  28:18  Infested Marine x17  
  124  28:19  Infested Marine x12  
  154  28:32  Infested Bunker  
  141  29:11  Infested Marine  
  141  29:12  Infested Marine x14  
  141  29:13  Infested Marine x15  
  141  29:18  Infested Marine x2  
  141  29:19  Infested Marine  
  174  29:21  Infested Bunker  
  174  29:36  Infested Marine  
  174  29:37  Infested Marine x8  
  153  30:01  Infested Marine x4  
  153  30:02  Infested Marine x13  
  153  30:03  Infested Marine  
  171  30:19  Infested Marine x7  
  178  30:20  Infested Marine x2  
  160  30:56  Infested Bunker  
  141  31:12  Infested Bunker  
Show
View Real Time Build Order
Export as new Build Order

DUBINAUEBU Zerg 

Build Orders:  

Get SALT Encoding   

  6  0:32  Spawning Pool  
  6  0:36  Drone x2  
  6  0:46  Drone x2  
  7  0:57  Drone x2  
  8  1:14  Queen  
  9  1:23  Drone x2  
  10  1:32  Extractor  
  10  1:36  Extractor  
  10  1:37  Drone x2  
  10  1:44  Drone x2  
  11  1:53  Drone x2  
  12  2:19  Overlord  
  12  2:22  Drone x2  
  13  2:32  Baneling Nest  
  13  2:42  Evolution Chamber  
  13  2:45  Evolution Chamber  
  12  2:51  Drone x2  
  12  2:57  Drone x2  
  14  3:21  Drone x2  
  14  3:29  Centrifugal Hooks  
  15  3:45  Lair  
  15  4:02  Zergling x2  
  15  4:03  Zergling x12  
  22  4:17  Metabolic Boost  
  22  4:22  Heroic Fortitude  
  22  4:33  Overlord  
  22  4:34  Overlord  
  22  4:38  Overlord  
  15  5:48  Scourge Nest  
  15  5:49  Drone x2  
  15  5:50  Scourge Nest  
  15  5:57  Hatchery  
  14  6:05  Hatchery  
  14  6:06  Hatchery  
  14  6:32  Hatchery  
  13  6:53  Drone x2  
  14  7:00  Overlord x3  
  14  7:17  Queen  
  15  7:33  Queen  
  15  7:39  Queen  
  17  7:53  Overseer  
  17  9:14  Zergling x2  
  17  9:15  Zergling x26  
  39  9:33  Unknown  
  39  9:34  Unknown x2  
  39  9:36  Unknown  
  39  10:12  Drone x2  
  40  10:28  Drone x2  
  41  10:31  Drone x2, Hatchery  
  41  10:32  Drone x8  
  45  11:05  Drone x2  
  45  11:06  Drone x8  
  49  11:16  Roach x4  
  49  11:17  Roach x6  
  34  13:55  Zergling x2  
  34  13:56  Zergling x28  
  34  13:57  Zergling x28  
  75  14:14  Unknown  
  75  14:15  Unknown x5  
  42  14:48  Roach x6  
  42  14:49  Roach x4  
  41  15:39  Extractor  
  40  15:44  Extractor  
  40  15:52  Drone x4  
  42  16:01  Spine Crawler  
  42  16:05  Zerg Ground Armor Level 1  
  42  16:08  Zerg Flyer Weapons Level 1  
  42  16:09  Zerg Flyer Armor Level 1  
  41  16:14  Hive  
  41  16:17  Overlord  
  41  16:18  Overlord  
  41  16:20  Overseer  
  41  17:23  Queen  
  42  17:31  Zergling x2  
  42  17:32  Zergling x32  
  42  17:33  Zergling x10  
  88  17:52  Unknown x2  
  88  17:53  Unknown x10  
  88  18:44  Unknown  
  88  18:48  Virulent Spores  
  73  20:00  Roach x3  
  73  20:01  Roach x6  
  73  20:02  Roach  
  66  20:52  Unknown  
  65  21:26  Aberration x5  
  65  21:27  Aberration x6  
  98  21:35  Zerg Ground Armor Level 2  
  98  21:37  Zerg Flyer Armor Level 2, Zerg Flyer Weapons Level 2  
  83  23:37  Overseer  
  83  23:42  Drone x4  
  73  24:44  Unknown  
  73  24:47  Simplified Genome  
  73  24:59  Aberration x5  
  151  25:00  Aberration x3  
  88  25:02  Zergling x2  
  88  25:03  Zergling x2  
  94  26:00  Roach x3  
  94  26:01  Roach x7  
  61  27:24  Aberration  
  61  27:25  Aberration x11  
  97  27:30  Zergling x4  
  97  27:36  Zerg Flyer Armor Level 3, Zerg Flyer Weapons Level 3  
  97  27:39  Zerg Ground Armor Level 3  
  99  27:42  Adrenal Overload  
  57  30:53  Zergling x2  
  57  30:54  Zergling x12  
  57  30:56  Zergling x4  
  57  30:57  Zergling x4  
  57  30:58  Zergling x36  
  57  30:59  Zergling x14  
  93  31:19  Unknown  
Tags
 
Commander
StukovZagara
Matchup
Co-op
Replay Pack
Multiplayer
Add a new tag
Caveats
  • Supply blocks, unpowered buildings, or Contaminate may cause inaccurate times.
  • Supply counts are checked every 10 seconds.